cohdb
Replays
Latest Replays
All Replays
Popular Replays
Top Player Replays
Match Explorer
How It Works
Community
CoH3 Stats
Reddit
Sign in to upload your games and track your stats! →
Sign in with Steam
Match 21348205
Unlisted
Match 21348205
Overview
Messages
Build Orders
End
Construct Infanterie Kompanie
Selects Mechanized Battlegroup
Grenadier Squad
MG 42 Machine Gun Team
Construct Panzergrenadier Kompanie
Panzergrenadier Squad
Panzergrenadier Squad
Panzergrenadier Officer Quarters
Medical Station
Pak 40 Anti-tank Gun Team
Selects Raid Package
Selects 8 Rad Armored Car
8 Rad Armored Car
Selects Spotting Scopes
Construct Panzer Kompanie
MG 42 Bunker
Selects UNKNOWN (2160084)
Selects Wespe Self-propelled Artillery
Panzergrenadier Squad
Panther Heavy Tank
MG 42 Machine Gun Team
GL1TCH
TidaL
0
0
Comments
sign in to comment!
No comments posted yet!